 Dungeon Crawl Stone Soup version 0.31-a0-360-gb3e1d13bf4 (webtiles) character file.

Game seed: 14283993679521516975

11915 Shard1697 the Cleaver (level 11, -10/105 HPs)
             Began as an Armataur Gladiator on July 26, 2023.
             Was an Initiate of Gozag.
             Mangled by a polar bear (19 damage)
             ... in an ice cave.
             The game lasted 00:19:55 (11888 turns).

Shard1697 the Cleaver (Armataur Gladiator)         Turns: 11888, Time: 00:19:56

Health: -10/105    AC: 11    Str: 25 (31) XL:     11   Next: 55%
Magic:  11/11      EV:  8    Int:  6 (8)  God:    Gozag
Gold:   1066       SH: 13    Dex:  9 (11) Spells: 10/10 levels left

rFire   . . .        p - +2 broad axe (flame)
rCold   . . .        A - +0 kite shield
rNeg    . . .        u - +1 steam dragon scales
rPois   .            c - +2 helmet
rElec   .            x - +0 cloak
rCorr   .            m - +0 pair of gloves
SInv    .            (no barding)
Will    .....        B - amulet of reflection
Stlth   +            z - +6 ring of strength
HPRegen 0.37/turn    (no ring)
MPRegen 0.12/turn

%: reflection, roll
@: gold aura
A: large, rugged brown scales 3, deformed body, armoured tail, roll, long
tongue, awkward tongue
a: Renounce Religion, Potion Petition, Call Merchant, Bribe Branch


You were in an ice cave.
You worshipped Gozag.
Gozag was most pleased with you.
You visited 2 branches of the dungeon, and saw 12 of its levels.
You also visited: Ice Cave.

You collected 2731 gold pieces.
You spent 1554 gold pieces at shops.
You paid 111 gold pieces to Gozag.

Inventory:

Hand Weapons
 p - a +2 broad axe of flaming (weapon)
Missiles
 e - 5 javelins
Armour
 c - a +2 helmet (worn)
 k - a +0 chain mail
 m - a +0 pair of gloves (worn)
 u - +1 steam dragon scales (worn)
 x - a +0 cloak (worn)
 A - a +0 kite shield (worn)
Jewellery
 g - an amulet of guardian spirit
 z - a +6 ring of strength (left hand)
 B - an amulet of reflection (around neck)
Wands
 q - a wand of charming (30)
 w - a wand of polymorph (26)
 y - a wand of mindburst (17)
 C - a wand of roots (10)
 F - a wand of digging (6)
Scrolls
 f - a scroll of teleportation
 l - a scroll of fog
 t - 5 scrolls of blinking
 E - 2 scrolls of enchant armour
Potions
 b - 2 potions of ambrosia
 d - 5 potions of might
 i - 2 potions of magic
 n - 3 potions of lignification
 o - a potion of resistance
 s - 5 potions of enlightenment
 D - a potion of invisibility
Miscellaneous
 G - a box of beasts


   Skills:
 * Level 9.8 Fighting
 * Level 12.6 Axes
 - Level 1.7 Throwing
 - Level 2.1 Dodging
 + Level 4.4 Shields


You had 10 spell levels left.
You didn't know any spells.
Your spell library contained the following spells:

 Spells                   Type           Power      Damage    Failure   Level
 Apportation              Tloc           0%         N/A       71%         1
 Kiss of Death            Conj/Necr      0%         2d5       71%         1
 Summon Small Mammal      Summ           0%         N/A       71%         1
 Call Canine Familiar     Summ           0%         N/A       97%         3
 Confusing Touch          Hex            0%         N/A       97%         3
 Ignite Poison            Fire/Tmut/Pois 0%         N/A       97%         3
 Inner Flame              Hex/Fire       0%         N/A       97%         3
 Summon Guardian Golem    Hex/Summ       0%         N/A       97%         3
 Dispel Undead            Necr           0%         3d6       100%        4
 Sticky Flame             Conj/Fire      0%         2d3       100%        4
 Alistair's Intoxication  Tmut/Pois      0%         N/A       100%        5
 Yara's Violent Unravell  Hex/Tmut       0%         3d3       100%        5
 Enfeeble                 Hex            0%         N/A       100%        7
 Ignition                 Fire           0%         3d3       100%        8


Dungeon Overview and Level Annotations

Branches:
Dungeon (11/15)            Temple (1/1) D:7            Lair (0/5) D:8
    Orc (0/2) D:9           IceCv (1/1)

Altars:
Ashenzari
Cheibriados
Dithmenos
Elyvilon
Fedhas
Gozag
Hepliaklqana
Kikubaaqudgha
Makhleb
Nemelex Xobeh
Okawaru
Qazlal
Ru
Sif Muna
Trog
Uskayaw
Vehumet
Wu Jian
Xom
Yredelemnul
Zin
The Shining One

Shops:
D:2 ?   D:4 (   D:10 *

Annotations:
D:9 5 runed translucent doors


Innate Abilities, Weirdness & Mutations

You are completely covered in rugged brown scales. (AC +3, +7% HP)
Armour fits poorly on your strangely shaped body.
You have a long armoured tail.
You roll when moving toward enemies. (Rampage)
Your long tongue fully drains potion bottles. (2x potion effects)
Your tongue gives you trouble enunciating. (1.5x scroll delay)


Message History

You slice the yak!! You burn the yak.
You kill the yak!
You hit the wolf but do no damage. You closely miss the wolf.
You block the wolf's attack. The wolf bites you. You block the wolf's attack.
The wolf barely misses you.
You hit the polar bear. You burn the polar bear.
The polar bear is lightly wounded.
You hit the wolf. You burn the wolf. You closely miss the wolf.
The wolf bites you. You block the wolf's attack. The wolf bites you. x2
You block the polar bear's attack.
The polar bear claws you but does no damage.
You block the polar bear's attack.
You slash the polar bear! You burn the polar bear!
The polar bear is heavily wounded.
You slash the wolf! You burn the wolf.
You kill the wolf!
You barely miss the wolf. The wolf closely misses you. The wolf bites you.
The polar bear bites you!
* * * LOW HITPOINT WARNING * * *
You block the polar bear's attack. The polar bear barely misses you.
You slash the polar bear! You burn the polar bear.
The polar bear is severely wounded.
You miss the wolf. You block the wolf's attack.
The polar bear goes berserk!
The wolf stops to sniff the ground.
The wolf bites you but does no damage.
You barely miss the polar bear. You tail-slap the polar bear.
The polar bear is almost dead.
You closely miss the wolf. You block the wolf's attack.
The polar bear bites you!!
* * * LOW HITPOINT WARNING * * *
You block the polar bear's attack.
The polar bear claws you but does no damage.
Okay, then.
You hit the polar bear. You burn the polar bear.
The polar bear is almost dead.
You barely miss the wolf. The wolf closely misses you.
You block the polar bear's attack. x3; The wolf bites you but does no damage.
The polar bear bites you!!
You die...
Your body crumbles into a pile of gold.

#####
##...##
##..@..##
#..hh$..#
#...!...#
##.....##
##...##
#...#
...##
#...#
##...


You could see a polar bear (berserk) and a wolf.

Vanquished Creatures
  2 two-headed ogres (D:10)
  Pikel (D:6)
  An ugly thing (D:11)
  An unseen horror (D:10)
  3 rime drakes
  2 trolls
  Grinder (D:5)
  A polar bear (D:8)
  3 hornets
  Prince Ribbit (D:6)
  4 yaks
  A vampire (D:11)
  Eustachio (D:4)
  2 wyverns
  A water moccasin (D:7)
  An acid dragon (D:10)
  5 orc warriors
  2 ice beasts (D:8)
  A sky beast (D:7)
  4 black bears
  3 ogres (D:5)
  A wolf (IceCv)
  7 centaurs
  2 lemures (D:6)
  A phantom (D:6)
  2 kobold brigands (D:9)
  Blork the orc (D:4)
  5 bullfrogs
  A gnoll sergeant (D:9)
  2 scorpions
  12 wights
  10 killer bees
  6 howler monkeys
  3 jellies
  4 orc priests
  Crazy Yiuf (D:4)
  7 hounds
  3 sleepcaps
  3 iguanas
  11 orc wizards
  5 gnolls (D:9)
  11 adders
  3 shadow imps
  4 white imps
  3 ufetubi
  A worm (D:2)
  4 dart slugs
  24 orcs
  10 endoplasms
  3 giant cockroaches
  5 goblins
  5 hobgoblins
  7 jackals
  13 kobolds
  6 quokkas
  5 ball pythons
  6 bats
  4 frilled lizards
  6 rats
248 creatures vanquished.

Vanquished Creatures (collateral kills)
  A two-headed ogre (D:11)
  A wraith (D:11)
2 creatures vanquished.

Vanquished Creatures (others)
  A scorpion (D:6)
1 creature vanquished.

Grand Total: 251 creatures vanquished

Notes
Turn   | Place    | Note
-------+----------+-------------------------------------------
     0 | D:1      | Shard1697 the Armataur Gladiator began the quest for the
                  | Orb.
     0 | D:1      | Reached XP level 1. HP: 18/18 MP: 1/1
   253 | D:1      | Reached XP level 2. HP: 18/25 MP: 2/2
   319 | D:1      | Reached skill level 3 in Axes
   965 | D:2      | Found a hide-covered altar of Uskayaw.
   982 | D:2      | Reached XP level 3. HP: 8/31 MP: 1/3
  1198 | D:2      | Reached skill level 4 in Axes
  1313 | D:2      | Reached XP level 4. HP: 23/38 MP: 4/4
  1455 | D:2      | Found Hingen's Magic Scroll Shoppe.
  2089 | D:3      | Reached XP level 5. HP: 43/43 MP: 5/5
  2097 | D:3      | Reached skill level 5 in Axes
  2373 | D:3      | Identified the +11 dagger "Ukahea Guhegh" {pain, rElec rF-
                  | Will- SInv}
  2600 | D:4      | Reached XP level 6. HP: 43/51 MP: 3/6
  2706 | D:4      | Reached skill level 6 in Axes
  2980 | D:4      | Found Zajoih's Weapon Shoppe.
  2988 | D:4      | Noticed Eustachio
  3005 | D:4      | Killed Eustachio
  3006 | D:4      | Reached XP level 7. HP: 20/56 MP: 1/7
  3422 | D:4      | Reached skill level 7 in Axes
  3448 | D:4      | Noticed Blork the orc
  3454 | D:4      | Killed Blork the orc
  3487 | D:4      | Found a runed translucent door.
  3488 | D:4      | Noticed Crazy Yiuf
  3495 | D:4      | Killed Crazy Yiuf
  3789 | D:5      | Entered Level 5 of the Dungeon
  4085 | D:5      | Reached skill level 8 in Axes
  4219 | D:5      | Reached XP level 8. HP: 61/64 MP: 8/8
  4479 | D:5      | Noticed Grinder
  4484 | D:5      | Paralysed by Grinder for 4 turns
  4494 | D:5      | Killed Grinder
  4495 | D:5      | Reached skill level 9 in Axes
  5175 | D:6      | Noticed Pikel
  5199 | D:6      | Killed Pikel
  5200 | D:6      | Reached skill level 10 in Axes
  5200 | D:6      | Reached XP level 9. HP: 13/75 MP: 3/9
  5554 | D:6      | Noticed Prince Ribbit
  5570 | D:6      | Killed Prince Ribbit
  5860 | D:6      | Reached skill level 5 in Fighting
  6511 | D:7      | Found a staircase to the Ecumenical Temple.
  6519 | Temple   | Entered the Ecumenical Temple
  6550 | Temple   | Became a worshipper of Gozag Ym Sagoz the Greedy
  6931 | D:7      | Reached XP level 10. HP: 87/89 MP: 10/10
  6937 | D:7      | Reached skill level 11 in Axes
  7110 | D:7      | Noticed Maggie
  7111 | D:7      | Maggie changed into Maggie the kobold
  7111 | D:7      | Noticed Maggie
  7112 | D:7      | Maggie the kobold changed into Maggie the dart slug
  7112 | D:7      | Noticed Maggie
  7116 | D:7      | Killed Maggie the dart slug
  7300 | D:8      | You fall into a shaft and drop 1 floor!
  7318 | D:9      | Noticed a black mamba
  7327 | D:9      | Found the +9 staff of Olgreb {rPois∞}
  7337 | D:9      | Paralysed by a hornet for 1 turns
  7353 | D:9      | Noticed a black mamba
  7354 | D:9      | Noticed a wolf spider
  7774 | D:8      | Found a staircase to the Lair.
  8283 | D:9      | Found a sparkling altar of Nemelex Xobeh.
  8336 | D:9      | Found a staircase to the Orcish Mines.
  8496 | D:9      | Noticed a black mamba
  8504 | D:9      | Found a runed translucent gate.
  8506 | D:9      | Found a runed translucent gate.
  8506 | D:9      | Found a runed translucent gate.
  8508 | D:9      | Noticed a wolf spider
  8508 | D:9      | Noticed a wolf spider
  8508 | D:9      | Noticed a wolf spider
  8514 | D:9      | Found a runed translucent door.
  8514 | D:9      | Noticed a wolf spider
  8868 | D:9      | Reached skill level 1 in Shields
  9579 | D:9      | Reached skill level 12 in Axes
  9677 | D:9      | Found a runed translucent door.
  9687 | D:10     | Entered Level 10 of the Dungeon
  9937 | D:2      | Bought a scroll of acquirement for 728 gold pieces
  9938 | D:2      | Acquired 905 gold pieces
  9941 | D:2      | Bought a scroll of identify for 28 gold pieces
  9941 | D:2      | Bought a scroll of identify for 28 gold pieces
  9941 | D:2      | Bought a scroll of enchant armour for 105 gold pieces
  9941 | D:2      | Bought a scroll of blinking for 105 gold pieces
 10458 | D:10     | Reached XP level 11. HP: 88/101 MP: 11/11
 10513 | D:10     | Noticed a two-headed ogre
 10526 | D:10     | Killed a two-headed ogre
 10827 | D:10     | Found Quibio Duuq's Gadget Gallery.
 10835 | D:10     | Bought a box of beasts for 560 gold pieces
 10964 | D:10     | Noticed a two-headed ogre
 10971 | D:10     | Killed a two-headed ogre
 11363 | D:11     | Noticed a two-headed ogre
 11367 | D:11     | Killed a two-headed ogre
 11688 | D:11     | Noticed a green ugly thing
 11698 | D:11     | Killed a green ugly thing
 11733 | D:11     | Found a frozen archway.
 11874 | IceCv    | Entered an ice cave
 11888 | IceCv    | Mangled by a polar bear

Illustrated notes

Levels and vault maps discovered:
D:1:      dpeg_arrival_circle_labyrinth_c, layout_basic, minmay_cut_off
D:2:      layout_rooms, basic_altar, serial_shops, shop
D:3:      layout_loops_corners, serial_bayou_pond_e
D:4:      dreamdust_elfheim, layout_basic, serial_shops, nicolae_shop_peninsula,
          uniq_eustachio, uniq_crazy_yiuf_cottage, uniq_blork_the_orc
D:5:      minmay_diamond_boxcup, layout_loops_ring,
          kennysheep_decorative_pillar, grunt_tough_drop, uniq_grinder
D:6:      layout_loops_cross, nrook_loot_triangle, uniq_prince_ribbit1,
          uniq_pikel
D:7:      layout_cave_pools, minmay_temple_entry_arrows, nicolae_the_louvre,
          uniq_maggie
D:8:      layout_loops_ring, hellmonk_lair_entry_icy, hangedman_decor_push,
          water_maze_lemuel
D:9:      minmay_polygon_palace, layout_cave_pools,
          mainiacjoe_overflow_chevrons, hex_tiny,
          minmay_guarded_unrand_staff_of_olgreb
D:10:     layout_layer_cave, nicolae_shop_gadgets
D:11:     layout_rooms, portal_ice_cave_rime, gammafunk_ghost_abyssal_escape,
          lemuel_zombie_altar_kikubaaqudgha
Temple:   mainiacjoe_temple_archimedes_tessellation
IceCv:    ice_cave_small_giant

Skill      XL: |  1  2  3  4  5  6  7  8  9 10 11 |
---------------+----------------------------------+-----
Axes           | 3 4 5 6 8 10 12 | 12.6
Fighting       | 4 6 8 9 |  9.8
Shields        | 2 4 |  4.4
Throwing       | |  1.7
Dodging        | |  2.1

Action                     |  1- 3 |  4- 6 |  7- 9 | 10-12 || total
---------------------------+-------+-------+-------+-------++-------
  Melee: War axe           |    99 |   152 |   244 |       ||   495
         Tailslap          |     9 |    19 |    36 |    20 ||    84
         Dagger            |       |    11 |       |       ||    11
         Punch             |       |       |     2 |       ||     2
         Battleaxe         |       |       |    31 |    99 ||   130
         Broad axe         |       |       |       |   131 ||   131
  Throw: Throwing net      |       |       |     7 |       ||     7
  Evoke: Wand              |       |       |     8 |     7 ||    15
    Use: Potion            |       |       |     4 |     9 ||    13
         Scroll            |       |       |    15 |     7 ||    22
   Stab: Held in net/web   |       |       |     4 |       ||     4
 Armour: Leather armour    |    13 |       |       |       ||    13
         Chain mail        |    54 |   109 |   138 |       ||   301
         Scale mail        |    17 |       |       |       ||    17
         Steam dragon scal |       |       |       |    90 ||    90
         Skin              |       |       |       |    13 ||    13
  Dodge: Dodged            |    48 |    63 |    81 |    84 ||   276
  Block: Other             |       |       |    21 |    25 ||    46
         Reflection        |       |       |     1 |     3 ||     4
         Kite shield       |       |       |       |    95 ||    95

Table legend: (Time is in decaauts)
 A = Elapsed time spent in this place.
 B = Non-inter-level travel time spent in this place.
 C = Inter-level travel time spent in this place.
 D = Time resting spent in this place.
 E = Time spent auto-exploring this place.
 F = Levels seen in this place.
 G = Mean time per level.
                   A        B        C        D        E       F      G
               +--------+--------+--------+--------+--------+-----+--------+
         Total |  12037 |  11318 |    719 |   1813 |   7231 |  13 |  925.9 |
       Dungeon |  11960 |  11301 |    659 |   1813 |   7231 |  11 | 1087.3 |
        Temple |     62 |      2 |     60 |      0 |      0 |   1 |   62.0 |
      Ice Cave |     14 |     14 |      0 |      0 |      0 |   1 |   14.0 |
               +--------+--------+--------+--------+--------+-----+--------+

Top non-repeatable levels by time:
     D:9: 1731 daAuts
    D:10: 1377 daAuts
     D:4: 1314 daAuts
     D:5: 1280 daAuts
     D:6: 1231 daAuts
     D:3: 1095 daAuts
     D:1: 1056 daAuts
     D:7: 1021 daAuts
     D:8: 782 daAuts
     D:2: 560 daAuts
    D:11: 508 daAuts
  Temple: 62 daAuts
   IceCv: 14 daAuts
